 Dungeon Crawl Stone Soup version 0.27.1-34-g3ba077fa99 (webtiles) character file.

Game seed: 14059627175797619465

53 Delamore the Ducker (level 3, 0/15 HPs)
             Began as a Felid Transmuter on Jan 21, 2022.
             Killed from afar by Sigmund (11 damage)
             ... with a magic dart
             ... on level 3 of the Dungeon.
             The game lasted 00:02:35 (1596 turns).

Delamore the Ducker (Felid Transmuter)              Turns: 1596, Time: 00:02:36

Health: 0/15       AC:  1    Str:  6    XL:     3   Next: 62%
Magic:  7/7        EV: 18    Int: 14    God:
Gold:   131        SH:  0    Dex: 17    Spells: 5/6 levels left
                                        Lives:  0   Deaths: 0

rFire    . . .     SeeInvis +     - Unarmed
rCold    . . .     Faith    .   (shield unavailable)
rNeg     . . .     Spirit   .   (armour unavailable)
rPois    .         Reflect  .   (helmet unavailable)
rElec    .         Harm     .   (cloak unavailable)
rCorr    .         Rampage  .   (gloves unavailable)
Will     .....                  (boots unavailable)
Stlth    ++........             c - amulet of regeneration
HPRegen  1.05/turn              (no ring)
MPRegen  0.10/turn              (no ring)

@: quick
A: very small, claws 1, fangs 3, see invisible, speed 1, shaggy fur 1, stealthy
paws, no weapons or thrown items, no armour, multi-lived
a: no special abilities


You were on level 3 of the Dungeon.
You visited 1 branch of the dungeon, and saw 3 of its levels.

You collected 131 gold pieces.

Inventory:

Jewellery
 c - an amulet of regeneration (around neck)
Scrolls
 a - a scroll of fear
 b - a scroll of magic mapping
 f - a scroll of teleportation
Potions
 e - 2 potions of degeneration {unknown}


   Skills:
 - Level 1.0 Fighting
 + Level 4.1 Dodging
 + Level 2.3 Stealth
 + Level 3.5 Unarmed Combat
 - Level 2.0 Spellcasting
 - Level 2.1 Transmutations


You had 5 spell levels left.
You knew the following spells:

 Your Spells              Type           Power      Damage    Failure   Level
a - Beastly Appendage     Tmut           14%        N/A       10%         1

Your spell library contained the following spells:

 Spells                   Type           Power      Damage    Failure   Level
 Wereblood                Tmut           7%         N/A       14%         2
 Spider Form              Tmut/Pois      2%         N/A       41%         3
 Ice Form                 Ice/Tmut       4%         N/A       83%         4


Dungeon Overview and Level Annotations

Branches:
Dungeon (3/15)

Altars:

Shops:
D:1 (

Annotations:
D:3 Sigmund


Innate Abilities, Weirdness & Mutations

You have sharp claws.
You have razor-sharp teeth.
You have supernaturally acute eyesight. (SInv)
You cover ground quickly. (Speed+)
You are covered in fur. (AC +1)
Your paws help you pounce on unaware monsters.
You are incapable of wielding weapons or throwing items.
You cannot wear armour.
You gain extra lives every three experience levels.


Message History

You scratch Sigmund.
Sigmund is moderately wounded.
The frilled lizard closely misses you.
You scratch Sigmund. You bite Sigmund.
Sigmund is heavily wounded.
The frilled lizard barely misses you. Sigmund gestures at you while chanting.
You resist with some effort.
You barely miss Sigmund.
Sigmund is heavily wounded.
The frilled lizard misses you. Sigmund completely misses you.
You barely miss Sigmund.
Sigmund is heavily wounded.
The frilled lizard barely misses you.
You closely miss Sigmund.
Sigmund is heavily wounded.
Sigmund hits you with a +0 scythe!
Ouch! That really hurt!
The frilled lizard closely misses you.
You barely miss Sigmund. You bite Sigmund, but do no damage.
Sigmund is heavily wounded.
The frilled lizard bites you. Sigmund misses you.
You scratch Sigmund.
Sigmund is heavily wounded.
The frilled lizard barely misses you.
You scratch Sigmund but do no damage.
Sigmund is heavily wounded.
Sigmund closely misses you. The frilled lizard misses you.
You scratch Sigmund.
Sigmund is severely wounded.
The frilled lizard misses you.
You scratch Sigmund but do no damage. You claw Sigmund, but do no damage.
Sigmund is severely wounded.
Sigmund misses you. The frilled lizard closely misses you.
You scratch Sigmund.
Sigmund is almost dead.
Sigmund casts a spell at you. The magic dart hits you!
Ouch! That really hurt!
You die...

... .... ..#
########..####
##.@...#......##.
##...@l..........
#.........$......
#.............#
#...........).#
#.............#
#........[....#
#..........<.##
##..........##
##.....##.##


You could see Sigmund and a frilled lizard.

Vanquished Creatures
  A gnoll (D:1)
  A worm (D:2)
  2 dart slugs
  7 ball pythons
  2 endoplasms
  A hobgoblin (D:2)
  A quokka (D:2)
  4 bats (D:1)
  8 goblins
  4 kobolds
  5 rats
  A spectral goblin (D:2)
37 creatures vanquished.

Notes
Turn   | Place    | Note
-------+----------+-------------------------------------------
     0 | D:1      | Delamore the Felid Transmuter began the quest for the Orb.
     0 | D:1      | Reached XP level 1. HP: 9/9 MP: 4/4
   169 | D:1      | Reached skill level 3 in Dodging
   249 | D:1      | Found Wias's Weapon Shoppe.
   279 | D:1      | Reached skill level 1 in Stealth
   279 | D:1      | Reached XP level 2. HP: 11/12 MP: 6/6
  1005 | D:1      | Reached XP level 3. HP: 15/15 MP: 7/7
  1241 | D:2      | Found a faded altar of an unknown god.
  1278 | D:2      | Reached skill level 4 in Dodging
  1573 | D:3      | Noticed Sigmund
  1596 | D:3      | Killed from afar by Sigmund

Illustrated notes

Levels and vault maps discovered:
D:1:      heliophobic_arrival_glass_houses, layout_loops_ring, serial_shops,
          shop
D:2:      layout_basic, dreamdust_ecumenical_altar_drowned_temple
D:3:      layout_rooms, nicolae_tso_swordbearing_angel,
          kennysheep_vampire_church, uniq_crazy_yiuf_cottage, uniq_sigmund

Skill      XL: |  1  2  3 |
---------------+----------+-----
Dodging        | 3 4 |  4.1
Stealth        | 1 2 |  2.3
Fighting       | |  1.0
Unarmed Combat | |  3.5
Spellcasting   | |  2.0
Transmutations | |  2.1

Action                   || total
-------------------------++-------
Melee: Unarmed           ||   111
       Bite              ||     6
       Punch             ||     1
  Use: Scroll            ||     3
 Stab: Sleeping          ||     4
Armor: Skin              ||     5
Dodge: Dodged            ||    84
